AoeStats
← 公鸡神探

Arena

507758631Analyzed
4v4 RM · 14d ago on Sep 19, 2026· 42m 3s· 8 players
Game mode
Random Map
Map size
Large (8 player)
Population
200
Speed
Normal
Resources
Standard
Victory
Conquest
Starting age
Dark Age
Ending age
Imperial Age
RankedLock teamsTeams togetherTeam positionsShared explorationLock speedFull tech treeHidden civsTurbo modeCheats
Victory
Defeat
🇨🇳 Poles · China
1136
+14
🇨🇳 Vietnamese · China
1123
+15
1095
+16
🇺🇸 Burgundians · United States
1062
+17
🇨🇳 Franks · China
1117
-16
🇨🇳 Bohemians · China
1094
-16
🇷🇺 Muisca · Russia
1087
-15
🇧🇪 Burmese · Belgium
1079
-15
Tree new bee
11:10 Feudal Age
9:36 Loom
16:20 Castle Age
15:19 Double-Bit Axe
22:00 Fervor
31:25 Imperial Age
31:25 Horse Collar
36:24 Chemistry
36:25 Fletching
36:36 Padded Archer Armor
36:59 Conscription
36:00 Elite Hussite Wagon
36:54 Squires
37:50 Wheelbarrow
37:44 Pikeman
38:40 Scale Mail Armor
38:51 Forging
38:47 Halberdier
39:43 Chain Mail Armor
40:07 Iron Casting
41:38 Bow Saw
42:37 Plate Mail Armor
43:07 Blast Furnace
Harkonnen
1:56 Loom
11:18 Feudal Age
17:02 Castle Age
15:59 Horse Collar
16:08 Double-Bit Axe
22:33 Gold Mining
24:54 Scale Mail Armor
25:05 Forging
26:09 Chain Mail Armor
26:08 Squires
27:08 Iron Casting
35:13 Imperial Age
40:03 Plate Mail Armor
39:30 Elite Temple Guard
LouisL'Huskarl d'élite
11:28 Feudal Age
15:04 Castle Age
13:46 Horse Collar
16:14 Heavy Plow
16:55 Wheelbarrow
21:45 Hand Cart
23:14 Gold Mining
24:39 Gold Shaft Mining
29:06 Imperial Age
27:01 Scale Barding Armor
28:01 Forging
28:12 Chain Barding Armor
28:00 Husbandry
28:12 Bloodlines
29:45 Iron Casting
30:43 Plate Barding Armor
31:39 Chemistry
31:43 Blast Furnace
32:20 Elite Battle Elephant
38:37 Conscription
39:28 Fletching
40:25 Bodkin Arrow
辉夜夜大小姐
9:54 Feudal Age
15:18 Castle Age
13:38 Double-Bit Axe
27:18 Wheelbarrow
28:03 Gold Mining
31:00 Imperial Age
28:16 Loom
28:40 Scale Barding Armor
30:35 Chain Barding Armor
30:43 Forging
31:56 Husbandry
31:16 Cavalier
31:25 Cavalier
35:25 Fortified Wall
37:55 Pikeman
38:36 Squires
38:38 Halberdier
40:01 Plate Barding Armor
39:26 Scale Mail Armor
40:02 Iron Casting
翻斗花园突破手绫小路
11:12 Feudal Age
12:13 Double-Bit Axe
15:06 Castle Age
12:57 Horse Collar
17:46 Wheelbarrow
19:35 Bow Saw
19:39 Heavy Plow
23:27 Gold Mining
23:32 Stone Mining
28:43 Imperial Age
27:53 Gold Shaft Mining
27:55 Hand Cart
27:28 Loom
27:28 Town Watch
28:36 Thumb Ring
28:24 Fletching
28:34 Padded Archer Armor
29:52 Conscription
30:07 Parthian Tactics
30:10 Ballistics
30:51 Chemistry
30:10 Leather Archer Armor
30:44 Recurve Bow
30:17 Heavy Cavalry Archer
31:50 Bodkin Arrow
32:26 Ring Archer Armor
32:00 Town Patrol
33:14 Bracer
33:20 Scale Barding Armor
34:49 Husbandry
35:01 Bloodlines
34:13 Light Cavalry
35:27 Crop Rotation
36:00 Two-Man Saw
35:27 Chain Barding Armor
37:59 Plate Barding Armor
36:52 Hussar
无甲的joe
10:16 Feudal Age
14:08 Castle Age
12:15 Horse Collar
13:25 Double-Bit Axe
22:26 Fletching
23:57 Bodkin Arrow
24:02 Padded Archer Armor
24:46 Bow Saw
31:09 Imperial Age
31:37 Heavy Plow
33:00 Scale Mail Armor
33:10 Forging
32:50 Elite Fire Lancer
34:15 Squires
34:01 Arson
34:33 Chain Mail Armor
34:21 Gold Mining
35:14 Pikeman
36:30 Halberdier
42:30 Two-Man Saw
公鸡神探
11:25 Feudal Age
14:56 Castle Age
13:15 Horse Collar
13:21 Double-Bit Axe
15:46 Heavy Plow
16:20 Bow Saw
22:08 Szlachta Privileges
22:16 Husbandry
23:01 Bloodlines
22:59 Scale Barding Armor
24:38 Forging
25:34 Chain Barding Armor
25:14 Scale Mail Armor
25:35 Chain Barding Armor
30:29 Wheelbarrow
32:25 Imperial Age
30:33 Wheelbarrow
29:39 Light Cavalry
30:28 Loom
30:29 Town Watch
31:49 Gold Mining
31:49 Stone Mining
32:36 Iron Casting
32:31 Cavalier
32:52 Winged Hussar
33:57 Conscription
34:51 Blast Furnace
34:34 Lechitic Legacy
34:51 Winged Hussar
39:06 Scale Mail Armor
39:00 Fletching
39:11 Padded Archer Armor
40:16 Crop Rotation
41:22 Chemistry
fatmuddybear
3:30 Double-Bit Axe
11:49 Feudal Age
15:40 Castle Age
13:55 Horse Collar
14:27 Bow Saw
14:10 Gold Mining
14:42 Heavy Plow
16:00 Gold Shaft Mining
20:35 Two-Man Saw
22:14 Stone Mining
23:33 Crop Rotation
23:59 Wheelbarrow
25:02 Hand Cart
26:29 Stone Shaft Mining
26:12 Fortified Wall
26:35 Masonry
31:33 Imperial Age
28:51 Town Watch
29:11 Cavalier
29:51 Husbandry
29:59 Burgundian Vineyards
30:03 Scale Barding Armor
31:05 Chain Barding Armor
30:56 Forging
33:29 Chemistry
32:43 Loom
32:38 Paladin
35:17 Plate Barding Armor
36:21 Fletching
39:04 Iron Casting
42:13 Coinage
43:16 Blast Furnace
Connection lost

Rejoining the realm…

Still unreachable

The connection could not be restored.

Session expired

The server has moved on; the page needs a fresh start.